 Dungeon Crawl Stone Soup version 0.32-a0-132-g2d33c3cfaf (webtiles) character file.

Game seed: 2646408657219670535

7582 Newt the Fighter (level 11, 0/93 HPs)
             Began as a Merfolk Gladiator on Feb 10, 2024.
             Was an Initiate of Yredelemnul.
             Slain by a vampire (9 damage)
             ... on level 9 of the Dungeon.
             The game lasted 00:12:05 (10833 turns).

Newt the Fighter (Merfolk Gladiator)               Turns: 10833, Time: 00:12:05

Health: 0/93       AC:  8    Str: 18 (20) XL:     11   Next: 17%
Magic:  14/14      EV: 13    Int:  6 (7)  God:    Yredelemnul [......]
Gold:   202        SH:  0    Dex:  9 (12) Spells: 10/10 levels left

rFire   . . .        I - +5 halberd (venom)
rCold   . . .        (shield currently unavailable)
rNeg    . . .        b - +0 leather armour
rPois   +            c - +0 helmet
rElec   .            (no cloak)
rCorr   .            g - +0 pair of gloves
SInv    +            z - +2 pair of boots "Wuqolux" {rPois Dex-3 SInv}
Will    +....        A - amulet of the acrobat
Stlth   +            r - ring of willpower
HPRegen 0.35/turn    h - ring of flight
MPRegen 0.14/turn

%: acrobat
@: confused, ambrosia-drunk, flying
A: (nimble swimmer 2), mertail
a: Renounce Religion, Recall Undead Harvest


You were on level 9 of the Dungeon.
You worshipped Yredelemnul.
Yredelemnul was noncommittal.
You visited 2 branches of the dungeon, and saw 11 of its levels.

You collected 576 gold pieces.
You spent 374 gold pieces at shops.

Inventory:

Hand Weapons
 a - a +0 trident
 I - a +5 halberd of venom (weapon)
 J - the +8 rapier "Bosh" {elec, ^Fragile rF+ Int+2 Stlth+}
   (You found it on level 7 of the Dungeon)

   Int+2:     It affects your intelligence (+2).
   rF+:       It protects you from fire.
   ^Fragile:  It will be destroyed if unequipped.
   Stlth+:    It makes you more stealthy.
Missiles
 d - a throwing net (quivered)
 e - a javelin
 l - 17 poisoned darts
Armour
 b - a +0 leather armour (worn)
 c - a +0 helmet (worn)
 g - a +0 pair of gloves (worn)
 m - a scarf of harm
 z - the +2 pair of boots "Wuqolux" (worn) {rPois Dex-3 SInv}
   (You bought it in a shop on level 4 of the Dungeon)

   Dex-3:     It affects your dexterity (-3).
   rPois:     It protects you from poison SInv: It lets you see invisible.
 E - a +0 tower shield
 G - the +2 pair of boots "Ellitsulue" {rElec Str+2 Int+3}
   (You found it on level 7 of the Dungeon)

   Str+2:     It affects your strength (+2).
   Int+3:     It affects your intelligence (+3).
   rElec:     It insulates you from electricity.
Jewellery
 h - a ring of flight (right hand)
 r - a ring of willpower (left hand)
 A - an amulet of the acrobat (around neck)
 C - an amulet of magic regeneration
Wands
 w - a wand of iceblast (22)
 D - a wand of mindburst (9)
 H - a wand of polymorph (2)
 N - a wand of flame (8)
Scrolls
 f - a scroll of butterflies
 i - 2 scrolls of poison
 j - 2 scrolls of torment
 q - 2 scrolls of fog
 t - 2 scrolls of teleportation
 v - 2 scrolls of amnesia
 y - 3 scrolls of noise
 K - a scroll of blinking
 M - a scroll of enchant armour
Potions
 k - 2 potions of lignification
 n - a potion of curing
 p - a potion of enlightenment
 s - a potion of mutation {unknown}
 u - a potion of brilliance {unknown}
 x - a potion of degeneration
 B - a potion of haste {unknown}
 L - a potion of cancellation {unknown}


   Skills:
 + Level 11.0 Fighting
 - Level 6.0 Polearms
 - Level 2.0 Throwing
 - Level 7.2 Dodging
 - Level 9.2 Stealth
 * Level 5.2 Invocations
 - Level 8.5 Evocations


You had 10 spell levels left.
You didn't know any spells.
Your spell library contained the following spells:

 Spells                   Type           Power      Damage    Failure   Level
 Magic Dart               Conj           0%         1d3       52%         1
 Searing Ray              Conj           0%         2d4       65%         2
 Fulminant Prism          Conj/Alch      0%         3d5       99%         4
 Summon Blazeheart Golem  Fire/Summ      0%         N/A       99%         4
 Orb of Destruction       Conj           0%         9d5       100%        7
 Spellforged Servitor     Conj/Summ      0%         N/A       100%        7


Dungeon Overview and Level Annotations

Branches:
Dungeon (10/15)            Temple (1/1) D:6            Lair (0/5) D:9
    Orc: D:9-12

Altars:
Ashenzari
Cheibriados
Dithmenos
Elyvilon
Fedhas
Gozag
Hepliaklqana
Kikubaaqudgha
Makhleb
Nemelex Xobeh
Okawaru
Qazlal
Ru
Sif Muna
Trog
Uskayaw
Vehumet
Wu Jian
Xom
Yredelemnul
Zin
The Shining One

Shops:
D:4 [(   D:5 ?

Annotations:
D:10 exclusion: obsidian statue


Innate Abilities, Weirdness & Mutations

((You are very nimble when in or above water. (Stealth+, EV+, Speed+++)))
Your lower body shifts to a powerful aquatic tail in water.


Message History

The killer bee stings you. The killer bee stings you!
Unknown command.
The killer bee attacks as it pursues you!
The killer bee misses you. The killer bee stings you.
The killer bee closely misses you. The killer bee misses you.
The killer bee barely misses you.
A troll comes into view.
The killer bee attacks as it pursues you!
The killer bee barely misses you. The killer bee completely misses you.
The killer bee closely misses you.
You closely miss the killer bee. The killer bee stings you. x2
* * * LOW HITPOINT WARNING * * *
The killer bee stings you.
* * * LOW HITPOINT WARNING * * *
The killer bee closely misses you. The killer bee misses you.
The killer bee stings you!
* * * LOW HITPOINT WARNING * * *
Unknown command.
Okay, then.
As you read the scroll of fear, it crumbles to dust.
You assume a fearsome visage.
The vampire is unaffected.
The killer bee looks frightened! x4
Unknown command.
Cornered, the killer bee turns to fight!
The vampire attacks as it pursues you! The vampire completely misses you. x2
There is a stone staircase leading down here.
The vampire attacks as it pursues you! The vampire hits you.
* * * LOW HITPOINT WARNING * * *
The vampire completely misses you.
There is a stone staircase leading up here.
The vampire completely misses you. The vampire bites you!
* * * LOW HITPOINT WARNING * * *
The vampire draws strength from your injuries!
You fly upwards.
There is a stone staircase leading down here.
Unknown command.
You are confused.
You feel invigorated. The vampire hits you!
You die...
Your body rises from the dead as a mindless zombie.

#...).# ###'####
###+### #..# #..# #.##
#.## #.# #.#
######'##### ##.####
#..........# #.....#
#..........#
#.....#####..........'
#....@...##..........#
#...V.##..'..........#
#.....#####..........#
#.....# #######'####
#.....# #.# #.....#
#.# ##...## #.#
#######.Z#### #.#
#...........# #.#


You could see a vampire (invisible).

Vanquished Creatures
  2 two-headed ogres
  Amaemon (D:8)
  Joseph (D:8)
  A troll (D:9)
  Prince Ribbit (D:6)
  4 yaks (D:9)
  2 steam dragons (D:9)
  2 water moccasins (D:7)
  A sky beast (D:6)
  2 orc warriors
  2 black bears (D:7)
  7 phantoms
  4 bullfrogs
  A gnoll sergeant (D:8)
  4 scorpions (D:7)
  3 wights (D:7)
  A demonspawn zombie (D:8)
  A killer bee (D:10)
  An oklob sapling (D:6)
  A howler monkey (D:4)
  An electric eel (D:8)
  3 bombardier beetles
  3 centaur zombies (D:7)
  2 hounds
  5 orc priests
  A jelly (D:5)
  4 iguanas
  2 scorpion zombies (D:7)
  2 sleepcaps (D:7)
  Natasha (twice) (D:2)
  10 orc wizards
  5 killer bee zombies (D:7)
  7 gnolls
  7 adders
  9 shadow imps
  2 white imps
  4 ufetubi
  A ribbon worm (D:3)
  3 dart slugs
  20 orcs
  5 ball pythons
  6 bats
  9 endoplasms
  5 goblins
  5 hobgoblins
  10 jackals
  6 kobolds
  4 quokkas
  7 frilled lizards
  6 rats
198 creatures vanquished.

Vanquished Creatures (collateral kills)
  An orange demon (D:8)
  A wraith (D:7)
  A water moccasin (D:7)
  A black bear (D:8)
  A kobold brigand (D:7)
  A centaur zombie (D:7)
  A hound (D:7)
  An orc priest (D:6)
  3 sleepcaps (D:7)
  A killer bee zombie (D:7)
  3 shadow imps (D:7)
  3 kobolds (D:7)
18 creatures vanquished.

Vanquished Creatures (others)
  A spectral orange demon (D:8)
  A two-headed ogre zombie (D:8)
  2 water moccasin zombies (D:7)
  2 bullfrog zombies
  2 scorpion zombies (D:7)
  A sky beast zombie (D:6)
  A hound zombie (D:7)
  2 steam dragon zombies (D:9)
  An iguana zombie (D:7)
  4 spectral shadow imps
  2 kobold zombies (D:7)
  11 orc zombies
  2 spectral ufetubi (D:7)
32 creatures vanquished.

Grand Total: 248 creatures vanquished

Notes
Turn   | Place    | Note
-------+----------+-------------------------------------------
     0 | D:1      | Newt the Merfolk Gladiator began the quest for the Orb.
     0 | D:1      | Reached XP level 1. HP: 16/16 MP: 1/1
   160 | D:1      | Reached XP level 2. HP: 23/23 MP: 2/2
   340 | D:1      | Reached skill level 5 in Polearms
   374 | D:1      | Reached XP level 3. HP: 21/28 MP: 3/3
   685 | D:2      | Reached skill level 3 in Fighting
   851 | D:2      | Noticed Natasha
   867 | D:2      | Killed Natasha
   868 | D:2      | Reached XP level 4. HP: 26/35 MP: 4/4
  1520 | D:2      | Noticed Natasha
  1525 | D:2      | Killed Natasha
  1526 | D:2      | Reached XP level 5. HP: 38/42 MP: 5/5
  1657 | D:3      | Reached skill level 5 in Dodging
  1840 | D:3      | Reached skill level 4 in Fighting
  1916 | D:3      | Reached XP level 6. HP: 48/48 MP: 6/6
  2367 | D:4      | Found Ceesea's Antique Armour Shop.
  2864 | D:4      | Found Calowk's Antique Weapon Emporium.
  3047 | D:5      | Entered Level 5 of the Dungeon
  3073 | D:4      | Reached XP level 7. HP: 20/55 MP: 7/7
  3395 | D:5      | Reached skill level 5 in Fighting
  3395 | D:5      | Reached skill level 1 in Stealth
  3747 | D:5      | Found Levifokho's Magic Scroll Shop.
  4045 | D:4      | Bought a pair of smouldering boots for 199 gold pieces
  4045 | D:4      | Identified the +2 pair of boots "Wuqolux" {rPois Dex-3
                  | SInv} (You bought it in a shop on level 4 of the Dungeon)
  4341 | D:6      | Found a staircase to the Ecumenical Temple.
  4344 | D:6      | Found an opulent altar of Gozag.
  4363 | Temple   | Entered the Ecumenical Temple
  4414 | Temple   | Became a worshipper of Yredelemnul the Dark
  4525 | D:6      | Reached XP level 8. HP: 55/64 MP: 8/8
  4558 | D:6      | Noticed Prince Ribbit
  4588 | D:6      | Killed Prince Ribbit
  4588 | D:6      | Reached * piety under Yredelemnul
  4589 | D:6      | Reached skill level 6 in Fighting
  4589 | D:6      | Reached skill level 5 in Stealth
  4653 | D:6      | Reached ** piety under Yredelemnul
  5495 | D:7      | Reached skill level 7 in Fighting
  5683 | D:7      | Reached XP level 9. HP: 72/72 MP: 9/9
  5751 | D:7      | Reached *** piety under Yredelemnul
  5849 | D:7      | Reached **** piety under Yredelemnul
  6132 | D:7      | Reached skill level 8 in Fighting
  6132 | D:7      | Reached skill level 1 in Evocations
  6779 | D:7      | Identified the +2 pair of boots "Ellitsulue" {rElec Str+2
                  | Int+3}
  6910 | D:7      | Identified the +8 rapier "Bosh" {elec, ^Fragile rF+ Int+2
                  | Stlth+}
  6970 | D:7      | Reached skill level 5 in Evocations
  6975 | D:7      | Reached skill level 9 in Fighting
  6983 | D:7      | Reached XP level 10. HP: 83/83 MP: 10/10
  7039 | D:7      | Identified the +5 flail of a bazaar {venom, Stlth+}
  7221 | D:7      | Found a faded altar of an unknown god.
  7223 | D:7      | Found a faded altar of an unknown god.
  7223 | D:7      | Found a hazy altar of Hepliaklqana.
  7465 | D:5      | Bought 3 scrolls of identify for 78 gold pieces
  7465 | D:5      | Bought a scroll of enchant armour for 97 gold pieces
  7531 | D:8      | Noticed an orange demon
  7534 | D:8      | Noticed Amaemon
  7538 | D:8      | Killed an orange demon
  7556 | D:8      | Killed Amaemon
  7870 | D:8      | Noticed a two-headed ogre
  7878 | D:8      | Your ally Amaemon died
  7878 | D:8      | Killed a two-headed ogre
  7879 | D:8      | Reached skill level 10 in Fighting
  7897 | D:8      | Noticed Joseph
  7903 | D:8      | Killed Joseph
  9611 | D:9      | Found a staircase to the Lair.
  9729 | D:9      | Identified the +4 battleaxe "Uxtuolim" {pain, Will+ Int+3}
 10064 | D:9      | Reached XP level 11. HP: 46/92 MP: 13/13
 10424 | D:10     | Entered Level 10 of the Dungeon
 10442 | D:10     | Noticed a two-headed ogre
 10453 | D:10     | Killed a two-headed ogre
 10454 | D:10     | Reached skill level 11 in Fighting
 10454 | D:10     | Reached skill level 5 in Invocations
 10687 | D:10     | Noticed an obsidian statue
 10694 | D:10     | Noticed a soul eater
 10833 | D:9      | Slain by a vampire

Illustrated notes

Levels and vault maps discovered:
D:1:      onia_arrival_pyramid, layout_basic
D:2:      layout_basic, minmay_misc_feat_four_crosses, hangedman_glass_teeth,
          uniq_natasha
D:3:      layout_basic, grunt_ministairs_2, hangedman_decor_growths
D:4:      layout_loops_ring, serial_shops, shop, shop
D:5:      layout_rooms, serial_shops, nicolae_take_the_stairs
D:6:      layout_gridville, mainiacjoe_overflow_alcove_1,
          minmay_temple_entry_oklob, lemuel_flamethrower_2, uniq_prince_ribbit1
D:7:      bobbens_index_wilting_gardens, layout_basic,
          nicolae_hepliaklqana_ecumenical_no_more,
          nicolae_houndstooth_variations
D:8:      layout_layer_cave, minmay_misc_feat_enclosed,
          amcnicky_mini_pool_medium, uniq_joseph, uniq_amaemon
D:9:      layout_roguey, lair_entry_dummy
D:10:     layout_cave_pools, minivault_16
Temple:   mainiacjoe_temple_cubbyholes

Skill      XL: |  1  2  3  4  5  6  7  8  9 10 11 |
---------------+----------------------------------+-----
Polearms       | 5 6 |  6.0
Fighting       | 3 4 5 7 9 10 11 | 11.0
Dodging        | 5 7 |  7.2
Stealth        | 4 8 9 |  9.2
Evocations     | 5 8 |  8.5
Invocations    | 3 5 |  5.2
Throwing       | |  2.0

Action                     |  1- 3 |  4- 6 |  7- 9 | 10-12 || total
---------------------------+-------+-------+-------+-------++-------
  Melee: Trident           |   115 |   172 |   390 |       ||   677
         Punch             |       |     5 |    20 |       ||    25
         Halberd           |       |       |     5 |   142 ||   147
  Throw: Throwing net      |       |     2 |     2 |     1 ||     5
    Use: Scroll            |       |     1 |     8 |     9 ||    18
         Potion            |       |     1 |       |     3 ||     4
   Stab: Sleeping          |     2 |     2 |    14 |     9 ||    27
         Distracted        |     1 |       |     6 |     1 ||     8
         Held in net/web   |       |       |       |     1 ||     1
 Armour: Leather armour    |    40 |    72 |   237 |   138 ||   487
  Dodge: Dodged            |    72 |    97 |   291 |   148 ||   608

Table legend: (Time is in decaauts)
 A = Elapsed time spent in this place.
 B = Non-inter-level travel time spent in this place.
 C = Inter-level travel time spent in this place.
 D = Time resting spent in this place.
 E = Time spent auto-exploring this place.
 F = Levels seen in this place.
 G = Mean time per level.
                   A        B        C        D        E       F      G
               +--------+--------+--------+--------+--------+-----+--------+
         Total |  10903 |  10307 |    596 |   2769 |   5829 |  11 |  991.2 |
       Dungeon |  10802 |  10305 |    497 |   2769 |   5829 |  10 | 1080.2 |
        Temple |    100 |      1 |     99 |      0 |      0 |   1 |  100.0 |
               +--------+--------+--------+--------+--------+-----+--------+

Top non-repeatable levels by time:
     D:7: 1956 daAuts
     D:8: 1675 daAuts
     D:6: 1369 daAuts
     D:9: 1269 daAuts
     D:4: 1258 daAuts
     D:2: 1011 daAuts
     D:1: 643 daAuts
     D:3: 616 daAuts
     D:5: 590 daAuts
    D:10: 411 daAuts
  Temple: 100 daAuts
